 Dungeon Crawl Stone Soup version 0.32-a0-918-g0f22ef8d61 (webtiles) character file.

Game seed: 14906734691389652223

609 Adrian566 the Chopper (level 7, -4/44 HPs)
             Began as a Gargoyle Fighter on Apr 11, 2024.
             Slain by an ogre
             ... wielding a +0 giant spiked club
              (12 damage)
             ... on level 4 of the Dungeon.
             The game lasted 00:02:57 (3287 turns).

Adrian566 the Chopper (Gargoyle Fighter)            Turns: 3287, Time: 00:02:58

Health: -4/44      AC: 12    Str: 28    XL:     7   Next: 43%
Magic:  7/7        EV:  9    Int:  8    God:
Gold:   106        SH:  4    Dex:  9    Spells: 6/6 levels left

rFire   . . .        a - +0 war axe
rCold   . . .        c - +0 buckler
rNeg    + . .        b - +0 scale mail
rPois   ∞            (no helmet)
rElec   +            (no cloak)
rCorr   .            (no gloves)
SInv    .            (no boots)
Will    +....        (no amulet) Stlth
                     k - +6 ring of strength
HPRegen 0.27/turn    (no ring)
MPRegen 0.10/turn

%: no passive effects
@: brilliant, enlightened, flying
A: sickness immunity, AC +4, negative energy resistance 1, electricity
resistance, torment resistance 1, petrification resistance, wild magic 1
a: no special abilities


You were on level 4 of the Dungeon.
You visited 1 branch of the dungeon, and saw 4 of its levels.

You collected 106 gold pieces.

Inventory:

Hand Weapons
 a - a +0 war axe (weapon)
Armour
 b - a +0 scale mail (worn)
 c - a +0 buckler (worn)
Jewellery
 k - a +6 ring of strength (left hand)
 m - a ring of willpower
Scrolls
 d - 2 scrolls of revelation {unknown}
 e - a scroll of torment {unknown}
 f - 3 scrolls of noise {unknown}
 n - a scroll of teleportation
Potions
 g - a potion of attraction
 i - a potion of brilliance


   Skills:
 + Level 4.9 Fighting
 + Level 5.0 Axes
 + Level 5.0 Armour
 + Level 1.3 Dodging
 + Level 1.0 Stealth
 + Level 4.0 Shields


You had 6 spell levels left.
You didn't know any spells.
Your spell library was empty.

Dungeon Overview and Level Annotations

Branches:
Dungeon (4/15)
 Temple: D:4-7

Altars:
Sif Muna

Annotations:
D:2 Sigmund


Innate Abilities, Weirdness & Mutations

You are immune to sickness and miasma.
Your stone body is resilient. (AC +4)
You are immune to poison.
You resist negative energy. (rN+)
You are resistant to electric shocks. (rElec)
You are resistant to unholy torment.
You are immune to petrification.
Your spells are a little harder to cast, but a little more powerful.


Message History

You hit the scorpion.
The scorpion is heavily wounded.
The scorpion closely misses you.
You slash the scorpion!
You kill the scorpion!
You block something's attack.
Deactivating autopickup; reactivate with Ctrl-A.
Your Shields skill increases to level 4!
You miss something.
You hear some strange, mumbled words.
A puff of flame appears from out of thin air!
The puff of flame hits you but does no damage.
You miss something. Something hits you but does no damage.
You slash something! Something hits you but does no damage.
You barely miss something.
Something hits you but does no damage. x2
You slash something!
Reactivating autopickup.
You feel a bit more experienced.
Your Axes skill increases to level 5!
Your Armour skill increases to level 5!
You hit the gnoll.
The gnoll is moderately wounded.
The gnoll closely misses you.
You slash the gnoll!
You kill the gnoll!
The ogre hits you with a +0 giant spiked club!!
You closely miss the ogre. You barely miss the ogre.
The ogre closely misses you. You block the gnoll's attack.
You hit the ogre.
The ogre is lightly wounded.
An orc wizard appears from thin air!
The ogre hits you with a +0 giant spiked club!
* * * LOW HITPOINT WARNING * * *
You block the gnoll's attack.
You barely miss the ogre.
The ogre is lightly wounded.
The gnoll hits you from afar with a +0 spear.
* * * LOW HITPOINT WARNING * * *
The ogre hits you with a +0 giant spiked club!
You die...

#.............
#.. ........#
#... .......
.#...##...#
.......†#
.......S#
......go#
.#....#O#
#....#@#
#....#.#
#....#.#
#......#
##......#
........#######
#
..............#
.#
......##.^....#
..#
......##......##
...#


You could see an ogre, an orc wizard, a gnoll and an adder.

Vanquished Creatures
  Grinder (D:3)
  A scorpion (D:4)
  A bombardier beetle (D:2)
  An orc priest (D:3)
  Natasha (thrice) (D:2)
  4 orc wizards
  Robin (D:2)
  A gnoll (D:4)
  5 adders
  2 dart slugs (D:1)
  A ribbon worm (D:2)
  3 orcs (D:3)
  2 endoplasms (D:2)
  5 giant cockroaches
  12 goblins
  6 hobgoblins
  4 jackals (D:1)
  4 quokkas
  3 ball pythons
  2 frilled lizards
  5 kobolds
  4 rats
71 creatures vanquished.

Vanquished Creatures (others)
  An orc (D:3)
1 creature vanquished.

Grand Total: 72 creatures vanquished

Notes
Turn   | Place    | Note
-------+----------+-------------------------------------------
     0 | D:1      | Adrian566 the Gargoyle Fighter began the quest for the Orb.
     0 | D:1      | Reached XP level 1. HP: 14/14 MP: 1/1
    86 | D:1      | Reached XP level 2. HP: 19/19 MP: 2/2
   231 | D:1      | Found a faded altar of an unknown god.
   755 | D:2      | Noticed Natasha
   755 | D:2      | Noticed Robin
   756 | D:2      | Reached XP level 3. HP: 24/24 MP: 3/3
  1013 | D:2      | Killed Natasha
  1014 | D:2      | Reached XP level 4. HP: 20/29 MP: 4/4
  1165 | D:2      | Noticed Natasha
  1178 | D:2      | Killed Natasha
  1279 | D:2      | Reached XP level 5. HP: 22/33 MP: 5/5
  1605 | D:2      | Killed Robin
  1606 | D:2      | Reached skill level 1 in Dodging
  1909 | D:2      | Noticed Sigmund
  1925 | D:2      | Noticed Natasha
  1947 | D:2      | Killed Natasha
  1948 | D:2      | Reached skill level 1 in Stealth
  2689 | D:3      | Found a shimmering blue altar of Sif Muna.
  2731 | D:3      | Reached XP level 6. HP: 33/38 MP: 6/6
  2839 | D:3      | Noticed Grinder
  2845 | D:3      | Killed Grinder
  2846 | D:3      | Reached XP level 7. HP: 36/44 MP: 7/7
  3259 | D:4      | Gained mutation: Your spells are a little harder to cast,
                  | but a little more powerful. [potion of mutation]
  3282 | D:4      | Reached skill level 5 in Axes
  3282 | D:4      | Reached skill level 5 in Armour
  3287 | D:4      | Slain by an ogre

Illustrated notes

Levels and vault maps discovered:
D:1:      co_arrival_square_in_a_square_in_a_square, layout_basic,
          basic_ecumenical_altar, corner_web_ring
D:2:      layout_basic, st_stairs_12, uniq_sigmund, uniq_natasha, uniq_robin
D:3:      layout_loops_ring, marbit_many_paths, uniq_grinder
D:4:      layout_basic

Skill      XL: |  1  2  3  4  5  6  7 |
---------------+----------------------+-----
Axes           | 2 3 4 5 |  5.0
Dodging        | 1 |  1.3
Fighting       | 4 |  4.9
Armour         | 4 5 |  5.0
Stealth        | 1 |  1.0
Shields        | 4 |  4.0

Action                     |  1- 3 |  4- 6 |  7- 9 || total
---------------------------+-------+-------+-------++-------
  Melee: War axe           |    79 |   112 |    39 ||   230
    Use: Scroll            |     1 |     1 |       ||     2
         Potion            |       |     6 |     4 ||    10
 Armour: Scale mail        |    94 |    94 |    42 ||   230
  Dodge: Dodged            |    44 |    46 |    13 ||   103
  Block: Buckler           |    28 |    13 |     8 ||    49

Table legend: (Time is in decaauts)
 A = Elapsed time spent in this place.
 B = Non-inter-level travel time spent in this place.
 C = Inter-level travel time spent in this place.
 D = Time resting spent in this place.
 E = Time spent auto-exploring this place.
 F = Levels seen in this place.
 G = Mean time per level.
                   A        B        C        D        E       F      G
               +--------+--------+--------+--------+--------+-----+--------+
         Total |   3372 |   3238 |    134 |    699 |   1898 |   4 |  843.0 |
       Dungeon |   3372 |   3238 |    134 |    699 |   1898 |   4 |  843.0 |
               +--------+--------+--------+--------+--------+-----+--------+

Top non-repeatable levels by time:
     D:2: 1764 daAuts
     D:3: 768 daAuts
     D:1: 738 daAuts
     D:4: 101 daAuts
